TOP OF THE 1ST |
---|
Texas Longhorns batting - Pitching for Mississippi State Bulldogs : RHP Victor Justice | Pitching: RHP Victor Justice | | Batting: RHB Norm Martin | 0-0: Foul Ball, location: 2F 0-1: Ball 1-1: Ball 2-1: Ball 3-1: Base on Balls | Batting: SHB Dave Hickman | 0-0: Swinging Strike 0-1: Ball 1-1: Ball 2-1: Called Strike 2-2: Ball 3-2: Strikes out swinging | Batting: RHB Jonathan Boyer | 0-0: Foul Ball, location: 2F 0-1: Foul Ball, location: 2F 0-2: Ball Norm Martin is caught stealing 2nd base 1-2: Fly out, F5 (Line Drive, 56) | Top of the 1st over - 0 runs, 0 hits, 0 errors, 0 left on base; Texas 0 - Mississippi State 0 | BOTTOM OF THE 1ST |
---|
Mississippi State Bulldogs batting - Pitching for Texas Longhorns : RHP John Crockett | Pitching: RHP John Crockett | | Batting: RHB Hunter Hudson | 0-0: Fly out, F5 (Line Drive, 5S) | Batting: SHB Tom Stewart | 0-0: Called Strike 0-1: Fly out, F6 (Popup, 6) | Batting: RHB Dan Cross | 0-0: Ball 1-0: Ball 2-0: Ball 3-0: Called Strike 3-1: Foul Ball, location: 2F 3-2: Fly out, F9 (Flyball, 89M) | Bottom of the 1st over - 0 runs, 0 hits, 0 errors, 0 left on base; Texas 0 - Mississippi State 0 | TOP OF THE 2ND |
---|
Texas Longhorns batting - Pitching for Mississippi State Bulldogs : RHP Victor Justice | Batting: RHB Quentin Barker | 0-0: Ball 1-0: Ball 2-0: Fly out, F7 (Flyball, 7LS) | Batting: LHB Bill Turner | 0-0: Foul Ball, location: 2F 0-1: Ball 1-1: Ball 2-1: Foul Ball, location: 2F 2-2: Ball 3-2: Base on Balls | Batting: RHB Owen Grant | 0-0: Called Strike 0-1: Ball 1-1: Ball 2-1: Called Strike 2-2: Ball 3-2: Fly out, F6 (Line Drive, 6MD) | Batting: LHB Matt Turner | 0-0: Called Strike 0-1: Ball 1-1: Ball 2-1: Swinging Strike 2-2: Strikes out swinging | Top of the 2nd over - 0 runs, 0 hits, 0 errors, 1 left on base; Texas 0 - Mississippi State 0 | BOTTOM OF THE 2ND |
---|
Mississippi State Bulldogs batting - Pitching for Texas Longhorns : RHP John Crockett | Batting: SHB Jessie Teague | 0-0: Foul Ball, location: 2F 0-1: Ball 1-1: Reached on error, E9 (Flyball, 9S) | Batting: RHB Brian Hoover | 0-0: Swinging Strike 0-1: Ball 1-1: Foul Ball, location: 2F 1-2: Foul Ball, location: 2F 1-2: Ball 2-2: Ball 3-2: Strikes out looking | Batting: RHB Ernesto Sánchez | 0-0: Called Strike 0-1: Swinging Strike 0-2: Reached on error, E8 (Flyball, 8LM) Jessie Teague to second | Batting: SHB Matthew Hughes | 0-0: Called Strike 0-1: Ball 1-1: Fly out, F7 (Flyball, 78M) | Batting: RHB John O'Brien | 0-0: Fly out, F4 (Flyball, 34D) | Bottom of the 2nd over - 0 runs, 0 hits, 2 errors, 2 left on base; Texas 0 - Mississippi State 0 | TOP OF THE 3RD |
---|
Texas Longhorns batting - Pitching for Mississippi State Bulldogs : RHP Victor Justice | Batting: RHB Curtis Lawson | 0-0: Ball 1-0: Foul Ball, location: 2F 1-1: Ground out 6-3 (Groundball, 6) | Batting: SHB Del McNeill | 0-0: Ball 1-0: Ball 2-0: Foul Ball, location: 2F 2-1: Foul Ball, location: 2F 2-2: Ball 3-2: Base on Balls | Batting: RHB Norm Martin | 0-0: Ball 1-0: Foul Ball, location: 2F 1-1: 2-RUN HOME RUN (Flyball, 7LD), Distance : 340 ft | Batting: SHB Dave Hickman | 0-0: Called Strike 0-1: Swinging Strike 0-2: Ball 1-2: Ball 2-2: Strikes out looking | Batting: RHB Jonathan Boyer | 0-0: Called Strike 0-1: Called Strike 0-2: SOLO HOME RUN (Flyball, 9LD), Distance : 324 ft | Batting: RHB Quentin Barker | 0-0: Ball 1-0: Foul Ball, location: 2F 1-1: Swinging Strike 1-2: Fly out, F9 (Flyball, 9LM) | Top of the 3rd over - 3 runs, 2 hits, 0 errors, 0 left on base; Texas 3 - Mississippi State 0 | BOTTOM OF THE 3RD |
---|
Mississippi State Bulldogs batting - Pitching for Texas Longhorns : RHP John Crockett | Batting: RHB Héctor Garza | 0-0: Foul Ball, location: 2F 0-1: Swinging Strike 0-2: Ball 1-2: Ball 2-2: Ball 3-2: Strikes out swinging | Batting: RHB Hunter Hudson | 0-0: Foul Ball, location: 2F 0-1: Foul Ball, location: 2F 0-2: Foul Ball, location: 2F 0-2: Strikes out swinging | Batting: SHB Tom Stewart | 0-0: Ball 1-0: Ball 2-0: Called Strike 2-1: Swinging Strike 2-2: SINGLE (Line Drive, 56D) | Batting: RHB Dan Cross | 0-0: Ball 1-0: Called Strike 1-1: Ball 2-1: Ball 3-1: Foul Ball, location: 2F 3-2: Strikes out swinging | Bottom of the 3rd over - 0 runs, 1 hit, 0 errors, 1 left on base; Texas 3 - Mississippi State 0 | TOP OF THE 4TH |
---|
Texas Longhorns batting - Pitching for Mississippi State Bulldogs : RHP Victor Justice | Batting: LHB Bill Turner | 0-0: Called Strike 0-1: Foul Ball, location: 2F 0-2: Foul Ball, location: 2F 0-2: Ball 1-2: SINGLE (Groundball, 6MD) | Batting: RHB Owen Grant | 0-0: Fly out, F9 (Flyball, 9) | Batting: LHB Matt Turner | 0-0: Called Strike 0-1: Ball 1-1: Foul Ball, location: 2F 1-2: Strikes out swinging | Batting: RHB Curtis Lawson | 0-0: Ball 1-0: Ball 2-0: Ball 3-0: Base on Balls Bill Turner to second | Batting: SHB Del McNeill | 0-0: Ball 1-0: Ground out U3 (Groundball, 3L) | Top of the 4th over - 0 runs, 1 hit, 0 errors, 2 left on base; Texas 3 - Mississippi State 0 | BOTTOM OF THE 4TH |
---|
Mississippi State Bulldogs batting - Pitching for Texas Longhorns : RHP John Crockett | Batting: SHB Jessie Teague | 0-0: Fly out, F7 (Flyball, 7D) | Batting: RHB Brian Hoover | 0-0: Ball 1-0: Ball 2-0: Ball 3-0: Called Strike 3-1: Foul Ball, location: 2F 3-2: Foul Ball, location: 2F 3-2: Foul Ball, location: 2F 3-2: Fly out, F9 (Flyball, 89S) | Batting: RHB Ernesto Sánchez | 0-0: Ball 1-0: Swinging Strike 1-1: Fly out, F8 (Flyball, 8LD) | Bottom of the 4th over - 0 runs, 0 hits, 0 errors, 0 left on base; Texas 3 - Mississippi State 0 | TOP OF THE 5TH |
---|
Texas Longhorns batting - Pitching for Mississippi State Bulldogs : RHP Victor Justice | Batting: RHB Norm Martin | 0-0: TRIPLE (Flyball, 8LXD) | Batting: SHB Dave Hickman | 0-0: Foul Ball, location: 2F 0-1: Fly out, F7 (Flyball, 7LMF) Runner from 3rd tags up, SCORES, no throw | Batting: RHB Jonathan Boyer | 0-0: Ball 1-0: Called Strike 1-1: Ball 2-1: Called Strike 2-2: Ball 3-2: Foul Ball, location: 2F 3-2: Ground out 2-3 (Groundball, 15S) | Batting: RHB Quentin Barker | 0-0: Called Strike 0-1: Ball 1-1: Ground out 5-3 (Groundball, 56) | Top of the 5th over - 1 run, 1 hit, 0 errors, 0 left on base; Texas 4 - Mississippi State 0 | BOTTOM OF THE 5TH |
---|
Mississippi State Bulldogs batting - Pitching for Texas Longhorns : RHP John Crockett | Batting: SHB Matthew Hughes | 0-0: Ball 1-0: Ball 2-0: Swinging Strike 2-1: Ball 3-1: Called Strike 3-2: Ground out 1-3 (Groundball, 15) | Batting: RHB John O'Brien | 0-0: Ball 1-0: Ground out 4-3 (Groundball, 4) | Batting: RHB Héctor Garza | 0-0: Called Strike 0-1: Ball 1-1: Ball 2-1: Foul Ball, location: 2F 2-2: Strikes out looking | Bottom of the 5th over - 0 runs, 0 hits, 0 errors, 0 left on base; Texas 4 - Mississippi State 0 | TOP OF THE 6TH |
---|
Texas Longhorns batting - Pitching for Mississippi State Bulldogs : RHP Victor Justice | Pitching: LHP J.J. Porter | | Batting: LHB Bill Turner | 0-0: Foul Ball, location: 2F 0-1: Ball 1-1: Called Strike 1-2: SINGLE (Line Drive, 9LS) | Batting: RHB Owen Grant | 0-0: Ball 1-0: Ball 2-0: Swinging Strike 2-1: Ball 3-1: Base on Balls Bill Turner to second | Batting: LHB Matt Turner | 0-0: Called Strike 0-1: Foul Ball, location: 2F 0-2: Ball 1-2: Ball 2-2: Foul Ball, location: 2F 2-2: Ball 3-2: Foul Ball, location: 2F 3-2: Grounds into double play, 4-6-3 (Groundball, 4D) Bill Turner to third | Batting: RHB Curtis Lawson | 0-0: Ball 1-0: Called Strike 1-1: Ball 2-1: Foul Ball, location: 2F 2-2: Ball 3-2: Base on Balls | Batting: SHB Del McNeill | 0-0: Foul Ball, location: 2F 0-1: Ball 1-1: Ball 2-1: Ball 3-1: Base on Balls Curtis Lawson to second | Batting: RHB Norm Martin | 0-0: Ball 1-0: Ball 2-0: Foul Ball, location: 2F 2-1: Called Strike 2-2: Fielders Choice at 2nd, 6-4 (Groundball, 6) | Top of the 6th over - 0 runs, 1 hit, 0 errors, 3 left on base; Texas 4 - Mississippi State 0 | BOTTOM OF THE 6TH |
---|
Mississippi State Bulldogs batting - Pitching for Texas Longhorns : RHP John Crockett | Batting: RHB Hunter Hudson | 0-0: Called Strike 0-1: Foul Ball, location: 2F 0-2: Ball 1-2: Ball 2-2: Ball 3-2: Foul Ball, location: 2F 3-2: Base on Balls | Batting: SHB Tom Stewart | 0-0: Ball 1-0: Foul Ball, location: 2F 1-1: Ball Hunter Hudson steals 2nd base 2-1: Ball 3-1: DOUBLE (Line Drive, 78D) Hunter Hudson scores | Pitching: RHP Dan Garrett | | Batting: RHB Dan Cross | 0-0: Ball 1-0: Swinging Strike 1-1: 2-RUN HOME RUN (Flyball, 7D), Distance : 360 ft | Batting: SHB Jessie Teague | 0-0: Ball 1-0: Called Strike 1-1: Ground out 1-3 (Groundball, 15) | Batting: RHB Brian Hoover | 0-0: Fly out, F8 (Line Drive, 8LD) | Batting: RHB Ernesto Sánchez | 0-0: Called Strike 0-1: Called Strike 0-2: Ground out 5-3 (Groundball, 5) | Bottom of the 6th over - 3 runs, 2 hits, 0 errors, 0 left on base; Texas 4 - Mississippi State 3 | TOP OF THE 7TH |
---|
Texas Longhorns batting - Pitching for Mississippi State Bulldogs : LHP J.J. Porter | Batting: SHB Dave Hickman | 0-0: Called Strike 0-1: Ground out 5-3 (Groundball, 5S) | Batting: RHB Jonathan Boyer | 0-0: Ball 1-0: Ball 2-0: Ball 3-0: Base on Balls | Batting: RHB Quentin Barker | 0-0: Called Strike 0-1: Ball 1-1: Foul Ball, location: 2F 1-2: Foul Ball, location: 2F 1-2: Foul Ball, location: 2F 1-2: Ball Pickoff Throw to First - Out! 2-2: SINGLE (Groundball, 4D) | Batting: LHB Bill Turner | 0-0: SINGLE (Flyball, 8LS) Quentin Barker to second | Batting: RHB Owen Grant | 0-0: Ball 1-0: Ball 2-0: Ball 3-0: Base on Balls Quentin Barker to third Bill Turner to second | Pitching: RHP Jorge Gómez | | Batting: LHB Matt Turner | 0-0: Ball 1-0: Ball 2-0: DOUBLE (Line Drive, 7LD) Quentin Barker scores Bill Turner scores Owen Grant to third | Batting: RHB Curtis Lawson | 0-0: Swinging Strike 0-1: Ball 1-1: Ball 2-1: Called Strike 2-2: Strikes out looking | Top of the 7th over - 2 runs, 3 hits, 0 errors, 2 left on base; Texas 6 - Mississippi State 3 | BOTTOM OF THE 7TH |
---|
Mississippi State Bulldogs batting - Pitching for Texas Longhorns : RHP Dan Garrett | Batting: SHB Matthew Hughes | 0-0: Called Strike 0-1: Ball 1-1: Ball 2-1: Called Strike 2-2: SINGLE (Groundball, 2L) (infield hit) | Batting: RHB John O'Brien | 0-0: Ball 1-0: Ball 2-0: 2-RUN HOME RUN (Flyball, 7D), Distance : 368 ft | Pitching: LHP Enrique Movonda | | Batting: RHB Héctor Garza | 0-0: Ball 1-0: Foul Ball, location: 2F 1-1: SOLO HOME RUN (Flyball, 78XD), Distance : 375 ft | Batting: RHB Hunter Hudson | 0-0: Ball 1-0: Ball 2-0: Ball 3-0: Base on Balls | Batting: SHB Tom Stewart | 0-0: Ball Hunter Hudson steals 2nd base 1-0: Ball 2-0: Called Strike 2-1: Ball 3-1: SINGLE (Flyball, 9LS) Hunter Hudson to third Runner from 3rd tries for Home, throw and OUT! Tom Stewart to second | Batting: RHB Dan Cross | 0-0: Intentional Walk | Batting: SHB Jessie Teague | 0-0: Called Strike 0-1: Ball 1-1: Foul Ball, location: 2F 1-2: Ball 2-2: SINGLE (Line Drive, 7LS) Tom Stewart to third Dan Cross to second | Batting: RHB Brian Hoover | 0-0: Called Strike 0-1: Foul Ball, location: 2F 0-2: Ball 1-2: Fly out, F9 (Flyball, 9D) Runner from 3rd tags up, SCORES, no throw Dan Cross to third | Pitching: RHP Jacob Brown | | Batting: RHB Ernesto Sánchez | 0-0: Ball 1-0: Foul Ball, location: 2F 1-1: Fielders Choice at 2nd, 6-4 (Groundball, 6) | Bottom of the 7th over - 4 runs, 5 hits, 0 errors, 2 left on base; Texas 6 - Mississippi State 7 | TOP OF THE 8TH |
---|
Texas Longhorns batting - Pitching for Mississippi State Bulldogs : RHP Jorge Gómez | Now at 1B: Jason Heddon | | Batting: SHB Del McNeill | 0-0: Ball 1-0: Swinging Strike 1-1: Called Strike 1-2: Ball 2-2: Foul Ball, location: 2F 2-2: Ground out U3 (Groundball, 3) | Batting: RHB Norm Martin | 0-0: Swinging Strike 0-1: Foul Ball, location: 2F 0-2: Strikes out swinging | Batting: SHB Dave Hickman | 0-0: Swinging Strike 0-1: Ball 1-1: Swinging Strike 1-2: Ball 2-2: Strikes out looking | Top of the 8th over - 0 runs, 0 hits, 0 errors, 0 left on base; Texas 6 - Mississippi State 7 | BOTTOM OF THE 8TH |
---|
Mississippi State Bulldogs batting - Pitching for Texas Longhorns : RHP Jacob Brown | Batting: SHB Matthew Hughes | 0-0: Called Strike 0-1: Ball 1-1: Ball 2-1: Foul Ball, location: 2F 2-2: Foul Ball, location: 2F 2-2: Ball 3-2: Foul Ball, location: 2F 3-2: DOUBLE (Line Drive, 78D) | Batting: RHB John O'Brien | 0-0: Swinging Strike 0-1: Ball 1-1: Ball 2-1: Ball 3-1: Base on Balls | Batting: RHB Héctor Garza | 0-0: Fly out, F4 (Line Drive, 4) | Batting: RHB Hunter Hudson | 0-0: Called Strike 0-1: Ball 1-1: Swinging Strike 1-2: Ball 2-2: Foul Ball, location: 2F 2-2: Foul Ball, location: 2F 2-2: Ball 3-2: Foul Ball, location: 2F 3-2: Strikes out looking | Batting: SHB Tom Stewart | 0-0: Ball 1-0: Ball 2-0: Ball 3-0: Base on Balls Matthew Hughes to third John O'Brien to second | Batting: RHB Dan Cross | 0-0: Fielders Choice at 2nd, 6-4 (Groundball, 56) | Bottom of the 8th over - 0 runs, 1 hit, 0 errors, 3 left on base; Texas 6 - Mississippi State 7 | TOP OF THE 9TH |
---|
Texas Longhorns batting - Pitching for Mississippi State Bulldogs : RHP Jorge Gómez | Pitching: RHP Rubén Romero | | Now in LF: Ken Ward | | Batting: RHB Jonathan Boyer | 0-0: SINGLE (Groundball, 56D) | Batting: RHB Quentin Barker | 0-0: Ball 1-0: Ball 2-0: Called Strike 2-1: Fly out, F8 (Flyball, 8RXD) Runner from 1st tags up, SAFE at 2nd | Batting: LHB Bill Turner | 0-0: Swinging Strike 0-1: Fly out, F9 (Line Drive, 89D) Runner from 2nd tags up, SAFE at 3rd, no throw | Batting: RHB Owen Grant | 0-0: Ball 1-0: Called Strike 1-1: Called Strike 1-2: Foul Ball, location: 2F 1-2: Ball 2-2: Ball 3-2: Strikes out swinging | Top of the 9th over - 0 runs, 1 hit, 0 errors, 1 left on base; Texas 6 - Mississippi State 7 | |